 Dungeon Crawl Stone Soup version 0.26-a0-663-g36e8fdb655 (webtiles) character file.

Game seed: 2880240243842460564

5303 looop the Frost Mage (level 10, -6/81 HPs)
             Began as a Demonspawn Ice Elementalist on Oct 11, 2020.
             Was an Initiate of Gozag.
             Mangled by a thrashing horror (10 damage)
             ... on level 2 of the Abyss.
             The game lasted 00:21:42 (10884 turns).

looop the Frost Mage (Demonspawn Ice Elementalist) Turns: 10884, Time: 00:21:42

Health: -6/81      AC: 10    Str: 10    XL:     10   Next: 37%
Magic:  4/19       EV: 14    Int: 17    God:    Gozag
Gold:   812        SH:  0    Dex: 13    Spells: 6/21 levels left

rFire    + + .     SeeInvis .   a - +6 scimitar (elec)
rCold    . . .     Faith    .   (no shield)
rNeg     . . .     Spirit   .   k - +0 leather armour {rF+}
rPois    .         Reflect  .   y - +0 helmet
rElec    .         Harm     .   (no cloak)
rCorr    .         Rampage  .   (no gloves)
MR       .....                  (no boots)
Stlth    ++........             f - amulet of the acrobat
HPRegen  0.23/turn              (no ring)
MPRegen  0.16/turn              (no ring)

@: icy armour, about to teleport, frozen ramparts
A: claws 2, rugged brown scales 1, dopey 1, fire resistance 1, powered by death
2, screaming 1, flame cloud immunity
a: Potion Petition, Call Merchant, Bribe Branch, Renounce Religion


You were on level 2 of the Abyss.
You worshipped Gozag.
Gozag was pleased with you.
You visited 2 branches of the dungeon, and saw 10 of its levels.
You visited the Abyss 1 time.

You collected 980 gold pieces.
You spent 65 gold pieces at shops.
You paid 103 gold pieces to Gozag.

Inventory:

Hand Weapons
 a - a +6 scimitar of electrocution (weapon)
Missiles
 e - 3 javelins
 n - 5 silver javelins (quivered)
 I - 2 throwing nets
Armour
 k - a +0 leather armour of fire resistance (worn)
 y - a +0 helmet (worn)
 H - a +0 kite shield
Jewellery
 c - an uncursed amulet of regeneration
 f - an amulet of the acrobat (around neck)
 x - an uncursed amulet of guardian spirit {unknown}
Wands
 p - a wand of iceblast (23)
 q - a wand of acid (16)
 A - a wand of polymorph (12)
Scrolls
 g - 2 scrolls of enchant weapon {unknown}
 l - 10 scrolls of teleportation
 m - a scroll of amnesia {unknown}
 s - 7 scrolls of remove curse
 t - a scroll of blinking
 u - a scroll of fog
 C - a scroll of holy word {unknown}
 D - 2 scrolls of magic mapping {unknown}
 E - 5 scrolls of enchant armour {unknown}
 F - a scroll of random uselessness {unknown}
Potions
 b - 5 potions of curing
 d - a potion of resistance
 h - 2 potions of lignification {unknown}
 i - 2 potions of haste {unknown}
 j - 3 potions of heal wounds
 o - a potion of invisibility
 r - a potion of ambrosia
 v - 2 potions of cancellation
 w - a potion of mutation {unknown}
 z - a potion of magic {unknown}
 B - 2 potions of stabbing {unknown}
 J - a potion of degeneration {unknown}


   Skills:
 + Level 7.2 Fighting
 + Level 5.6 Dodging
 - Level 1.7 Stealth
 - Level 5.8 Unarmed Combat
 + Level 6.1 Spellcasting
 + Level 1.3 Conjurations
 + Level 1.4 Summonings
 + Level 8.1 Ice Magic


You had 6 spell levels left.
You knew the following spells:

 Your Spells              Type           Power        Failure   Level
a - Freeze                Ice            ####         1%          1
b - Frozen Ramparts       Ice            ####..       1%          3
c - Ozocubu's Armour      Ice            ####....     1%          3
d - Hailstorm             Conj/Ice       ###.....     24%         4
e - Summon Ice Beast      Ice/Summ       ###.....     24%         4

Your spell library contained the following spells:

 Spells                   Type           Power        Failure   Level
 Magic Dart               Conj           #...         10%         1
 Call Imp                 Summ           ##......     14%         2
 Sandblast                Erth           #.....       17%         1
 Blink                    Tloc           N/A          26%         2
 Passwall                 Tmut/Erth      #.......     26%         2
 Slow                     Hex            #.......     26%         2
 Conjure Flame            Conj/Fire      #.......     36%         3
 Stone Arrow              Conj/Erth      #.....       36%         3
 Mephitic Cloud           Conj/Pois/Air  #.......     41%         3
 Petrify                  Tmut/Erth      #.......     86%         4
 Lee's Rapid Deconstruct  Erth           #.........   99%         5


Dungeon Overview and Level Annotations

Branches:
Dungeon (9/15)             Temple (1/1) D:6
   Lair: D:8-11         Orc: D:9-12

Altars:
Ashenzari
Cheibriados
Dithmenos
Elyvilon
Fedhas
Gozag
Hepliaklqana
Kikubaaqudgha
Makhleb
Nemelex Xobeh
Okawaru
Qazlal
Ru
Sif Muna
Trog
Uskayaw
Vehumet
Wu Jian
Xom
Yredelemnul
Zin
The Shining One

Shops:
D:4 !   D:6 !   D:9 :

Annotations:
D:6 2 transporters
D:9 strifetoe's ghost, novice PaWz


Innate Abilities, Weirdness & Mutations

You have very sharp fingernails.
You are partially covered in rugged brown scales. (AC +1, +3% HP)
Your flesh is heat resistant. (rF+)
You regenerate health from kills.
You are immune to clouds of flame.
You are dopey. (Int -2)
You occasionally shout uncontrollably at your foes.


Message History

* * * LOW HITPOINT WARNING * * *
You hold your ground!
The thrashing horror tramples you but does no damage.
The wall freezes the thrashing horror but do no damage.
The thrashing horror tramples you.
* * * LOW HITPOINT WARNING * * *
You hold your ground!
The thrashing horror tramples you.
* * * LOW HITPOINT WARNING * * *
You hold your ground!
You closely miss the thrashing horror.
The thrashing horror is almost destroyed.
The thrashing horror resists.
The wall freezes the thrashing horror.
The thrashing horror tramples you!
* * * LOW HITPOINT WARNING * * *
You hold your ground!
The thrashing horror tramples you but does no damage.
The thrashing horror resists.
The wall freezes the thrashing horror.
The thrashing horror tramples you!
You die...
Your body crumbles into a pile of gold.

..## ## .... #.
.## . .# .#?#
#.####..
#.....# .
##...@# # . #
###.##X### #..
#.#...........#
..#.##.# .##...
.###.#....#...#
... .... .. ##
.## .##...
....#
..##..##..#.#
#..#
........######
#.


You could see a thrashing horror (strong).

Vanquished Creatures
  Harold (D:8)
  A two-headed ogre (D:5)
  A thrashing horror (Abyss:2)
  2 trolls
  A vampire (D:9)
  A neqoxec (Abyss:2)
  Eustachio (D:5)
  Menkaure (D:4)
  2 ice beasts (D:9)
  A black bear (D:7)
  2 sky beasts
  2 ogres
  4 bullfrogs
  4 scorpions
  5 killer bees (D:7)
  An electric eel (D:7)
  2 howler monkeys
  A lava snake (D:7)
  A quasit (Abyss:2)
  2 orc priests
  A bullfrog zombie (D:6)
  A hound (D:4)
  4 jellies
  A bullfrog skeleton (D:7)
  6 orc wizards
  3 centaur skeletons
  3 iguanas
  A worker ant (D:5)
  A killer bee zombie (D:5)
  2 hound skeletons
  2 worker ant zombies (D:8)
  6 gnolls
  8 adders
  3 shadow imps
  A white imp (D:6)
  An ooze (D:2)
  An adder skeleton (D:4)
  3 worms
  4 dart slugs
  3 leopard geckos
  17 orcs
  A ball python (D:6)
  4 giant cockroaches
  8 goblins
  4 hobgoblins
  6 jackals
  7 quokkas
  9 bats
  9 frilled lizards
  A jackal skeleton (D:4)
  6 kobolds
  A quokka skeleton (D:5)
  7 rats
171 creatures vanquished.

Vanquished Creatures (others)
  An orc (D:7)
1 creature vanquished.

Grand Total: 172 creatures vanquished

Notes
Turn   | Place    | Note
-------+----------+-------------------------------------------
     0 | D:1      | looop the Demonspawn Ice Elementalist began the quest for
                  | the Orb.
     0 | D:1      | Reached XP level 1. HP: 13/13 MP: 3/3
   383 | D:1      | Gained mutation: You have sharp fingernails. [demonic
                  | ancestry]
   383 | D:1      | Reached XP level 2. HP: 10/19 MP: 3/5
   538 | D:1      | Reached skill level 4 in Ice Magic
  1474 | D:1      | Gained mutation: You regenerate a little health from kills.
                  | [demonic ancestry]
  1474 | D:1      | Reached XP level 3. HP: 11/24 MP: 0/6
  1769 | D:2      | Learned a level 3 spell: Frozen Ramparts
  1773 | D:2      | Learned a level 3 spell: Ozocubu's Armour
  1783 | D:2      | Gained mutation: You regenerate health from kills. [demonic
                  | ancestry]
  1783 | D:2      | Reached XP level 4. HP: 23/30 MP: 3/8
  2611 | D:2      | Found a glowing golden altar of the Shining One.
  2686 | D:2      | Reached skill level 5 in Ice Magic
  3005 | D:2      | Found a faded altar of an unknown god.
  3233 | D:3      | Gained mutation: You are partially covered in rugged brown
                  | scales. (AC +1, +3% HP) [demonic ancestry]
  3233 | D:3      | Reached XP level 5. HP: 25/36 MP: 5/9
  3869 | D:3      | Found a blossoming altar of Fedhas.
  4254 | D:4      | Found Emuzxit's Distillery.
  4256 | D:4      | Bought a potion of heal wounds for 65 gold pieces
  4357 | D:4      | Learned a level 4 spell: Hailstorm
  4659 | D:4      | Noticed Menkaure
  4668 | D:4      | Killed Menkaure
  4668 | D:4      | Reached skill level 6 in Ice Magic
  4668 | D:4      | Gained mutation: Your flesh is heat resistant. (rF+)
                  | [demonic ancestry]
  4668 | D:4      | Reached XP level 6. HP: 13/42 MP: 4/11
  4963 | D:4      | Found a shadowy altar of Dithmenos.
  5483 | D:5      | Entered Level 5 of the Dungeon
  5718 | D:5      | Gained mutation: You have very sharp fingernails. [demonic
                  | ancestry]
  5718 | D:5      | Reached XP level 7. HP: 24/47 MP: 6/13
  5954 | D:5      | Noticed Eustachio
  5974 | D:5      | Killed Eustachio
  5974 | D:5      | Reached skill level 1 in Unarmed Combat
  6154 | D:5      | Noticed a two-headed ogre
  6162 | D:5      | Reached skill level 1 in Fighting
  6173 | D:5      | Killed a two-headed ogre
  6173 | D:5      | Reached skill level 5 in Spellcasting
  6173 | D:5      | Reached skill level 7 in Ice Magic
  6173 | D:5      | Reached XP level 8. HP: 58/58 MP: 8/15
  6500 | D:5      | Found a sparkling altar of Nemelex Xobeh.
  6583 | D:6      | Found a shadowy altar of Dithmenos.
  6697 | D:6      | Found a staircase to the Ecumenical Temple.
  6711 | Temple   | Entered the Ecumenical Temple
  6898 | Temple   | Became a worshipper of Gozag Ym Sagoz the Greedy
  7022 | D:6      | Reached skill level 8 in Ice Magic
  7193 | D:6      | Found a transporter.
  7358 | D:6      | Found a transporter.
  7399 | D:6      | Found Emmorer's Distillery.
  7819 | D:7      | Gained mutation: You are immune to clouds of flame.
                  | [demonic ancestry]
  7819 | D:7      | Reached XP level 9. HP: 51/65 MP: 11/17
  7825 | D:7      | Reached skill level 5 in Unarmed Combat
  8102 | D:7      | Got an ebony whip
  8102 | D:7      | Identified the +8 whip "Ohuroar" {drain, Str+6} (You found
                  | it on level 7 of the Dungeon)
  8160 | D:7      | Found an iron altar of Okawaru.
  8161 | D:7      | Found a hazy altar of Hepliaklqana.
  9024 | D:8      | Noticed Harold
  9055 | D:8      | Killed Harold
  9055 | D:8      | Reached skill level 5 in Fighting
  9215 | D:8      | Noticed a troll
  9230 | D:8      | Killed a troll
 10108 | D:9      | Reached XP level 10. HP: 67/79 MP: 19/19
 10158 | D:9      | Found a runed translucent gate.
 10158 | D:9      | Found a runed translucent gate.
 10158 | D:9      | Found a runed translucent gate.
 10159 | D:9      | Noticed strifetoe's ghost (novice PaWz)
 10159 | D:9      | Identified the +7 dagger of Fuzzy Guile {venom, rElec rF+++
                  | MP+9 Dex-5}
 10199 | D:9      | Reached skill level 5 in Dodging
 10474 | D:9      | Found Mamunn's Book Boutique.
 10741 | D:9      | Learned a level 4 spell: Summon Ice Beast
 10746 | D:9      | Cast into level 2 of the Abyss (big kobold)
 10746 | Abyss:2  | Found a corrupted altar of Lugonu.
 10777 | Abyss:2  | Found a corrupted altar of Lugonu.
 10787 | Abyss:2  | Noticed a thrashing horror
 10799 | Abyss:2  | Killed a thrashing horror
 10799 | Abyss:2  | Reached skill level 1 in Conjurations
 10799 | Abyss:2  | Reached skill level 1 in Summonings
 10813 | Abyss:2  | Gained mutation: You occasionally shout uncontrollably at
                  | your foes. [a neqoxec]
 10827 | Abyss:2  | Gained mutation: You are dopey. (Int -2) [a neqoxec]
 10852 | Abyss:2  | Noticed a thrashing horror
 10880 | Abyss:2  | HP: 2/81 [thrashing horror (17)]
 10884 | Abyss:2  | Mangled by a thrashing horror

Illustrated notes

Levels and vault maps discovered:
D:1:      dpeg_arrival_erosion, layout_loops_ring, minmay_pentomino_r2
D:2:      layout_basic, overflow_temple_1_default,
          chequers_ecumenical_altar_twisty, ebering_dispersal_statue_hall
D:3:      layout_basic, fedhas_altar_fruit_tree,
          minmay_fractal_squares_gapless_5
D:4:      layout_loops_cross, serial_glass, glass_columns_a, glass_columns_a,
          serial_shops, shop, nicolae_dithmenos_shadow_blocks, uniq_menkaure
D:5:      layout_loops_cross, kennysheep_little_box, uniq_eustachio
D:6:      gammafunk_cloud_chamber, layout_basic, nicolae_overflow_crystal_walls,
          minmay_temple_entry_stoned_glass, serial_shops,
          nicolae_shop_competitors_out_of_business
D:7:      layout_rooms, gammafunk_temple_overflow_statue, nicolae_lava_and_water
D:8:      minmay_cornered_nines, layout_loops_cross, uniq_harold
D:9:      layout_loops_cross, gammafunk_ghost_nasty_kobolds, serial_shops,
          nicolae_shop_crystal, chequers_serial_rivers_micro_d
Temple:   nicolae_temple_elliptical
Abyss:2:  base:
D:7

Skill      XL: |  1  2  3  4  5  6  7  8  9 10 |
---------------+-------------------------------+-----
Ice Magic      | 4 5 6 7 8 |  8.1
Spellcasting   | 3 4 5 6 |  6.1
Unarmed Combat | 3 4 5 |  5.8
Fighting       | 2 3 6 7 |  7.2
Dodging        | 4 5 |  5.6
Conjurations   | 1 |  1.3
Summonings     | 1 |  1.4
Stealth        | |  1.7

Action                   |  1- 3 |  4- 6 |  7- 9 | 10-12 || total
-------------------------+-------+-------+-------+-------++-------
Melee: Unarmed           |    66 |   258 |    80 |       ||   404
       Whip              |       |       |    34 |       ||    34
       Scimitar          |       |       |    31 |    36 ||    67
       Punch             |       |       |     3 |       ||     3
Throw: Javelin           |       |       |     5 |       ||     5
 Cast: Freeze            |    20 |    13 |       |       ||    33
       Frozen Ramparts   |     1 |    20 |    26 |    12 ||    59
       Ozocubu's Armour  |       |     2 |     2 |     8 ||    12
       Hailstorm         |       |       |     5 |       ||     5
Evoke: Wand              |       |       |     4 |       ||     4
  Use: Scroll            |       |     7 |     3 |     2 ||    12
       Potion            |       |     2 |       |     1 ||     3
 Stab: Sleeping          |     6 |     7 |     1 |       ||    14
       Distracted        |       |     1 |     2 |       ||     3
Armor: Robe              |    16 |       |       |       ||    16
       Leather armour    |     3 |    72 |    35 |    28 ||   138
Dodge: Dodged            |    49 |   186 |   108 |    65 ||   408
       Rpst.: Scimitar   |       |       |     6 |    19 ||    25

Table legend: (Time is in decaauts)
 A = Elapsed time spent in this place.
 B = Non-inter-level travel time spent in this place.
 C = Inter-level travel time spent in this place.
 D = Time resting spent in this place.
 E = Time spent auto-exploring this place.
 F = Levels seen in this place.
 G = Mean time per level.
                   A        B        C        D        E       F      G
               +--------+--------+--------+--------+--------+-----+--------+
         Total |  10919 |  10413 |    506 |    209 |   8487 |  11 |  992.6 |
       Dungeon |  10571 |  10100 |    471 |    209 |   8282 |   9 | 1174.6 |
        Temple |    204 |    169 |     35 |      0 |    168 |   1 |  204.0 |
         Abyss |    143 |    143 |      0 |      0 |     37 |   1 |  143.0 |
               +--------+--------+--------+--------+--------+-----+--------+

Top non-repeatable levels by time:
     D:2: 1737 daAuts
     D:1: 1314 daAuts
     D:4: 1228 daAuts
     D:3: 1202 daAuts
     D:5: 1069 daAuts
     D:8: 1041 daAuts
     D:9: 1031 daAuts
     D:7: 982 daAuts
     D:6: 965 daAuts
  Temple: 204 daAuts
 Abyss:2: 143 daAuts
